 Dungeon Crawl Stone Soup version 0.21.1-1-g345015f (webtiles) character file.

243 Fortress the Firebug (level 5, -16/38 HPs)
             Began as a Draconian Fire Elementalist on June 8, 2018.
             Was an Initiate of Sif Muna.
             Splashed by Ijyb's acid (17 damage)
             ... on level 5 of the Dungeon.
             The game lasted 00:29:37 (3608 turns).

Fortress the Firebug (Draconian Fire Elementalist)  Turns: 3608, Time: 00:29:38

Health: -16/38     AC:  5    Str: 10    XL:     5   Next: 82%
Magic:  1/9        EV: 12    Int: 16    God:    Sif Muna [......]
Gold:   142        SH:  0    Dex: 12    Spells: 1/10 levels left

rFire    . . .     SeeInvis .   c - +2 whip (venom)
rCold    . . .     Gourm    .   (no shield)
rNeg     . . .     Faith    .   (armour unavailable)
rPois    .         Spirit   .   (helmet restricted)
rElec    .         Reflect  .   (no cloak)
rCorr    .         Harm     .   (no gloves)
MR       .....                  (no boots)
Stlth    ++........             (no amulet)
HPRegen  0.12/turn              (no ring)
MPRegen  0.11/turn              (no ring)

@: no status effects
A: unfitting armour, cold-blooded, AC +5
a: Renounce Religion


You were on level 5 of the Dungeon.
You worshipped Sif Muna.
Sif Muna was noncommittal.
You were not hungry.

You visited 1 branch of the dungeon, and saw 5 of its levels.

You collected 142 gold pieces.

Inventory:

Hand Weapons
 c - a +2 whip of venom (weapon)
 f - a cursed -2 dagger
 m - a +0 blowgun
 r - a +1 whip of venom
 v - a +0 dagger of venom
 A - a +4 mace
 B - a cursed -2 spear
Missiles
 e - 16 poisoned needles
 g - 99 stones (quivered)
 u - 59 arrows
 x - 5 needles of sleeping
 z - 23 bolts
Scrolls
 d - 2 scrolls of remove curse
 o - a scroll of identify
 s - a scroll of teleportation
 w - a scroll of blinking {unknown}
 y - a scroll of fear {unknown}
Potions
 h - a potion of lignification {unknown}
 i - 2 potions of curing
 k - 2 potions of heal wounds {unknown}
 n - 2 potions of mutation {unknown}
 p - a potion of haste {unknown}
 t - a potion of agility {unknown}
Books
 a - a book of Flames

   Spells                             Type                      Level
   a - Flame Tongue                   Conjuration/Fire             1
   b - Throw Flame                    Conjuration/Fire             2
   c - Conjure Flame                  Conjuration/Fire             3
   d - Inner Flame                    Hexes/Fire                   3
   e - Sticky Flame                   Conjuration/Fire             4
   f - Fireball                       Conjuration/Fire             5
Comestibles
 b - 5 rations


   Skills:
 * Level 2.5 Maces & Flails
 - Level 1.7 Dodging
 - Level 1.7 Stealth
 + Level 3.2 Spellcasting
 + Level 2.3 Conjurations
 + Level 4.6 Fire Magic


You had one spell level left.
You knew the following spells:

 Your Spells              Type           Power        Failure   Level  Hunger
a - Flame Tongue          Conj/Fire      ##...        4%          1    None
b - Throw Flame           Conj/Fire      ##....       7%          2    ##.....
c - Inner Flame           Hex/Fire       ##......     21%         3    ###....
d - Conjure Flame         Conj/Fire      ##......     13%         3    ###....


Dungeon Overview and Level Annotations

Branches:
Dungeon (5/15)
 Temple: D:4-7

Altars:
Ashenzari
Sif Muna
The Shining One

Annotations:
D:5 Ijyb


Innate Abilities, Weirdness & Mutations

Your plain brown scales are hard. (AC +5)
You cannot fit into any form of body armour.
You are cold-blooded and may be slowed by cold attacks.


Message History

The jackal barely misses you.
You hit the jackal.
You kill the jackal!
Sif Muna accepts your kill.
You barely miss Ijyb.
Ijyb zaps a wand.
The bolt of acid misses you.
It is a wand of acid (6).
Casting: Throw Flame
Confirm with . or Enter, or press ? or * to list all spells.
Aiming: Flame Tongue
Press: ? - help, Shift-Dir - straight line, f - Ijyb
Aim: Ijyb, wearing a leather armour and carrying a wand of acid (6)
The flame tongue misses Ijyb.
Ijyb hits you but does no damage.
You barely miss Ijyb. Ijyb hits you.
You closely miss Ijyb. Ijyb hits you but does no damage.
You hit Ijyb but do no damage.
Ijyb is poisoned.
Ijyb zaps a wand.
The bolt of acid hits you!
You are splashed with acid!
The acid burns!
Ijyb zaps a wand.
The bolt of acid hits you!
* * * LOW HITPOINT WARNING * * *
You are splashed with acid!
The acid burns!
You die...

##.##
##..#.##
#.## #.###.
#.# #.## #.
#.## ## ##
##.## # #..#
..
#.#.........
#.######....
#@##........
#..g...†....
####h###....
#.# . #h#
#Z# #.#
#...#
#$.....


You could see Ijyb and a jackal.

Vanquished Creatures
  A howler monkey (D:2)
  A hound (D:4)
  3 gnolls (D:3)
  4 adders
  6 worms
  3 leopard geckos
  7 orcs (D:3)
  7 giant cockroaches
  6 goblins
  7 hobgoblins
  8 jackals
  2 quokkas
  2 ball pythons (D:1)
  7 bats
  2 frilled lizards
  9 kobolds
  3 rats
78 creatures vanquished.

Notes
Turn   | Place    | Note
-------+----------+-------------------------------------------
     0 | D:1      | Fortress the Draconian Fire Elementalist began the quest for the Orb.
     0 | D:1      | Reached XP level 1. HP: 14/14 MP: 3/3
     2 | D:1      | Noticed a demigod
     2 | D:1      | Noticed a dwarf
     4 | D:1      | Noticed a human
    14 | D:1      | Noticed a gargoyle
    14 | D:1      | Noticed a halfling
    16 | D:1      | Noticed an elf
    16 | D:1      | Noticed a formicid
    18 | D:1      | Noticed a draconian
    18 | D:1      | Noticed an octopode
    20 | D:1      | Noticed a demonspawn
    20 | D:1      | Noticed a spriggan
    22 | D:1      | Noticed an ogre
    24 | D:1      | Noticed a vine stalker
    24 | D:1      | Noticed a naga
    26 | D:1      | Noticed a vampire
    28 | D:1      | Noticed a centaur
    28 | D:1      | Noticed a minotaur
    30 | D:1      | Noticed a tengu
    30 | D:1      | Noticed a troll
    32 | D:1      | Noticed a merfolk
    32 | D:1      | Noticed a ghoul
    34 | D:1      | Noticed a felid
   305 | D:1      | Reached XP level 2. HP: 20/20 MP: 0/5
   671 | D:1      | You fall through a shaft!
   684 | D:3      | Reached XP level 3. HP: 14/26 MP: 0/6
  1007 | D:3      | Reached skill level 4 in Fire Magic
  1023 | D:3      | Reached skill level 1 in Maces & Flails
  1189 | D:3      | Reached XP level 4. HP: 16/33 MP: 3/7
  1347 | D:3      | Found a shattered altar of Ashenzari.
  1360 | D:3      | Found a glowing golden altar of the Shining One.
  2444 | D:2      | Reached XP level 5. HP: 35/38 MP: 0/9
  2546 | D:2      | Learned a level 2 spell: Throw Flame
  2550 | D:2      | Learned a level 3 spell: Inner Flame
  2554 | D:2      | Learned a level 3 spell: Conjure Flame
  3033 | D:2      | Found a deep blue altar of Sif Muna.
  3039 | D:2      | Became a worshipper of Sif Muna the Loreminder
  3531 | D:5      | Entered Level 5 of the Dungeon
  3591 | D:5      | Noticed Ijyb
  3608 | D:5      | HP: 1/38 [Ijyb/wand of acid (5) (18)]
  3608 | D:5      | Splashed by Ijyb's acid

Skill      XL: |  1  2  3  4  5 |
---------------+----------------+-----
Fire Magic     | 4 |  4.6
Maces & Flails | 1 2 |  2.5
Spellcasting   | 3 |  3.2
Conjurations   | 2 |  2.3
Dodging        | |  1.7
Stealth        | |  1.7

Action                   |  1- 3 |  4- 6 || total
-------------------------+-------+-------++-------
Melee: Whip              |    33 |    30 ||    63
       Tailslap          |       |     3 ||     3
 Cast: Flame Tongue      |    37 |    83 ||   120
       Throw Flame       |       |    12 ||    12
  Use: Scroll            |       |     6 ||     6
 Stab: Sleeping          |     1 |     1 ||     2
       Distracted        |       |     1 ||     1
  Eat: Ration            |     1 |     1 ||     2
       Chunk             |       |     3 ||     3
Armor: Skin              |    30 |    15 ||    45
Dodge: Dodged            |    46 |    43 ||    89
